 Dungeon Crawl Stone Soup version 0.25.1-2-g60ff931df9 (webtiles) character file.

Game seed: 16721249678755031379

38010 Requim the Cruncher (level 13, -8/116 HPs)
             Began as a Grey Draconian Chaos Knight on Aug 2, 2020.
             Was a Plaything of Xom.
             Mangled by a red ugly thing (19 damage)
             ... on level 15 of the Dungeon.
             The game lasted 01:45:01 (14337 turns).

Requim the Cruncher (Grey Draconian Chaos Knight)  Turns: 14337, Time: 01:45:03

Health: -8/116     AC: 20    Str: 31    XL:     13   Next: 61%
Magic:  15/15      EV: 19    Int: 17    God:    Xom [..*...]
Gold:   751        SH:  0    Dex: 16    Spells: 15/15 levels left

rFire    x . .     SeeInvis .   s - +4 quarterstaff (chaos)
rCold    . . .     Gourm    .   (shield currently unavailable)
rNeg     . . .     Faith    +   (armour unavailable)
rPois    +         Spirit   .   I - +0 hat {Int+3}
rElec    +         Reflect  .   l - +2 cloak
rCorr    .         Harm     .   m - +1 pair of gloves
MR       .....                  h - +1 pair of boots
Stlth    ++++......             z - amulet of Ifrinas {Faith +Inv rElec rPois rF-}
HPRegen  0.29/turn              e - +6 ring of strength
MPRegen  0.14/turn              v - +6 ring of strength

@: no status effects
A: walk through water, unfitting armour, claws 1, fangs 1, horns 1, stinger 1,
agile 1, blink, mutation resistance 1, strong 2, wild magic 2, unbreathing,
cold-blooded, MP-powered wands, AC +13
a: Blink, Renounce Religion, Evoke Invisibility


You were on level 15 of the Dungeon.
You worshipped Xom.
You were a toy of Xom.
You were not hungry.

You visited 2 branches of the dungeon, and saw 16 of its levels.

You collected 800 gold pieces.
You spent 49 gold pieces at shops.

Inventory:

Hand Weapons
 a - a +0 falchion of chaos
 s - a +4 quarterstaff of chaos (weapon)
Armour
 h - a +1 pair of boots (worn)
 l - a +2 cloak (worn)
 m - a +1 pair of gloves (worn)
 I - a +0 hat of intelligence (worn)
Magical Staves
 b - an uncursed staff of poison
 x - an uncursed staff of air
Jewellery
 c - the amulet of Ishumes {rPois Regen+, unknown}
   (You found it on level 9 of the Dungeon)

   [amulet of regeneration]

   It protects you from poison.
   It increases your rate of regeneration.
 e - a +6 ring of strength (left hand)
 g - an uncursed ring of protection from cold
 k - a +6 ring of strength
 t - an uncursed ring of protection from fire
 v - a +6 ring of strength (right hand)
 z - the amulet of Ifrinas (around neck) {Faith +Inv rElec rPois rF-}
   (You took it off a tengu warrior on level 9 of the Dungeon)

   [amulet of faith]

   It allows you to gain divine favour quickly.
   It makes you vulnerable to fire.
   It insulates you from electricity.
   It protects you from poison.
   It lets you turn invisible.
 B - an uncursed ring of magical power {unknown}
 G - an uncursed ring of ice {unknown}
Wands
 f - a wand of iceblast (7)
 u - a wand of disintegration (16)
 y - a wand of polymorph (9)
Scrolls
 i - 9 scrolls of remove curse
 j - a scroll of immolation
 E - 2 scrolls of teleportation
 J - a scroll of fear
Potions
 d - 2 potions of lignification
 o - a potion of mutation {unknown}
 p - 2 potions of resistance {unknown}
 q - a potion of berserk rage {unknown}
 r - a potion of might
 w - 2 potions of stabbing
 A - 4 potions of brilliance {unknown}
 D - 3 potions of curing
 H - a potion of cancellation {unknown}
 K - a potion of ambrosia {unknown}
Miscellaneous
 C - a box of beasts
 F - a phial of floods
Comestibles
 n - 16 rations


   Skills:
 + Level 11.0 Fighting
 + Level 9.0 Long Blades
 + Level 12.7 Staves
 + Level 1.8 Throwing
 + Level 9.8 Dodging
 + Level 9.2 Stealth
 + Level 2.0 Unarmed Combat
 + Level 1.8 Spellcasting
 + Level 2.6 Evocations


You had 15 spell levels left.
You didn't know any spells.
Your spell library was empty.

Dungeon Overview and Level Annotations

Branches:
Dungeon (14/15)            Temple (1/1) D:4            Lair (0/6) D:8
    Orc (0/2) D:10         Vaults (0/5) D:14

Altars:
Ashenzari
Cheibriados
Dithmenos
Elyvilon
Fedhas
Gozag
Hepliaklqana
Kikubaaqudgha
Makhleb
Nemelex Xobeh
Okawaru
Qazlal
Ru
Sif Muna
Trog
Uskayaw
Vehumet
Wu Jian
Xom
Yredelemnul
Zin
The Shining One

Shops:
D:5 [   D:7 !   D:8 [*[   D:13 %

Annotations:
D:14 Roxanne


Innate Abilities, Weirdness & Mutations

You can walk through water.
Your dull iron-grey scales are very hard. (AC +13)
You cannot fit into any form of body armour.
You can survive without breathing.
You are cold-blooded and may be slowed by cold attacks.
You have sharp fingernails.
You have very sharp teeth.
You have a pair of small horns on your head.
Your tail ends in a poisonous barb.
You are agile. (Dex +2)
You can translocate small distances at will.
You are somewhat resistant to further mutation.
Your muscles are very strong. (Str +4)
Your spells are harder to cast, but more powerful.
You expend magic power (3 MP) to strengthen your wands.


Message History

Your ufetubus closely misses the red ugly thing.
The cyan ugly thing kicks you!
* * * LOW HITPOINT WARNING * * *
The cyan ugly thing shocks you. You resist.
* * * LOW HITPOINT WARNING * * *
The red ugly thing trunk-slaps you but does no damage.
You turn to flesh and can move again.
You feel better.
Your quasit closely misses the cyan ugly thing. x2
Your quasit claws the cyan ugly thing but does no damage.
Your ufetubus hits the red ugly thing.
Your ufetubus closely misses the red ugly thing.
Your iron imp barely misses the red ugly thing.
Your iron imp hits the cyan ugly thing!
Your iron imp hits the red ugly thing!
The cyan ugly thing kicks you but does no damage.
The red ugly thing trunk-slaps you.
* * * LOW HITPOINT WARNING * * *
You are engulfed in flames!!
The fire burns you terribly!
You die...
Xom cackles wildly!

....
#######....#
#..........#
#...........
#...........
#...........
#.(†.5......
#.5uu5......
#(55@†..(...
#...........
#...........
##..........
#.......###
##......#
#......#
#......#
#......#


You could see 2 ugly things, 3 friendly iron imps, a friendly quasit (summoned)
and a friendly ufetubus (summoned).

Vanquished Creatures
  Snorg (D:13)
  A centaur warrior (D:15)
  2 hydras
  Erica (D:8)
  4 two-headed ogres
  2 tengu warriors
  Urug (D:13)
  The ghost of Asdor the Poker, a novice DsAK of Lugonu (D:6)
  An unseen horror (D:13)
  A wizard (D:14)
  2 deep elf magi
  A necromancer (D:14)
  4 ugly things
  4 cyclopes
  3 manticores
  Joseph (D:7)
  A centaur zombie (D:13)
  3 gargoyles
  A centaur skeleton (D:14)
  4 kobold demonologists (D:11)
  3 freezing wraiths (D:13)
  2 tengu conjurers
  2 trolls
  A harpy skeleton (D:13)
  A meliai zombie (D:15)
  A hippogriff (D:15)
  A slime creature (shapeshifter) (D:6)
  A spriggan (D:11)
  2 basilisks
  11 yaks
  Menkaure (D:7)
  A soldier ant (D:13)
  2 sky beasts
  3 ice beasts (D:12)
  A black bear (D:10)
  3 orc warriors
  7 ogres
  An eye of draining (D:14)
  A phantom (D:4)
  A necrophage (D:9)
  2 tengu
  A crocodile (D:12)
  6 centaurs
  5 big kobolds
  10 bullfrogs
  A wyvern zombie (D:11)
  3 scorpions
  2 wyvern skeletons
  6 killer bees (D:10)
  10 wights
  5 howler monkeys
  7 crimson imps
  2 bullfrog zombies
  2 quasits
  Crazy Yiuf (D:6)
  4 jellies
  6 hounds
  3 bullfrog skeletons
  6 orc priests
  12 orc wizards
  7 iguanas
  9 worker ants
  A hound zombie (D:5)
  A mummy (D:6)
  7 gnolls
  A howler monkey skeleton (D:4)
  8 adders
  3 shadow imps
  An adder zombie (D:8)
  An adder skeleton (D:4)
  5 worms
  3 dart slugs
  4 leopard geckos
  36 orcs
  3 giant cockroaches
  6 goblins
  8 hobgoblins
  7 jackals
  3 quokkas
  A ball python (D:3)
  5 bats
  A frilled lizard (D:1)
  2 hobgoblin zombies (D:6)
  A jackal skeleton (D:4)
  17 kobolds
  A leopard gecko zombie (D:9)
  2 orc zombies (D:6)
  11 rats
  A fungus (D:6)
335 creatures vanquished.

Vanquished Creatures (collateral kills)
  A phantom (D:4)
  A hound (D:4)
  An orc (D:12)
3 creatures vanquished.

Vanquished Creatures (others)
  A death knight (D:13)
  A hippogriff (D:7)
  A yak (D:7)
  An ogre (D:11)
4 creatures vanquished.

Grand Total: 342 creatures vanquished

Notes
Turn   | Place    | Note
-------+----------+-------------------------------------------
     0 | D:1      | Requim the Draconian Chaos Knight began the quest for the
                  | Orb.
     0 | D:1      | Reached XP level 1. HP: 19/19 MP: 1/1
   705 | D:1      | Reached XP level 2. HP: 20/27 MP: 2/2
  1261 | D:2      | XOM: silly message
  1262 | D:2      | Found a faded altar of an unknown god.
  1542 | D:2      | Reached XP level 3. HP: 33/33 MP: 3/3
  1867 | D:2      | XOM: divination: detect items
  1898 | D:2      | Found an ornate altar of the Wu Jian Council.
  2211 | D:3      | Reached XP level 4. HP: 40/40 MP: 4/4
  2220 | D:3      | XOM: potion effect (stabbing)
  2248 | D:3      | XOM: give mutation
  2248 | D:3      | Gained mutation: Your muscles are strong. (Str +2) [Xom's
                  | grace]
  2254 | D:3      | XOM: cloud trail
  2751 | D:3      | XOM: divination: detect creatures
  2928 | D:3      | Found a hazy altar of Hepliaklqana.
  3003 | D:3      | Found a glowing silver altar of Zin.
  3018 | D:3      | Reached skill level 1 in Stealth
  3019 | D:3      | Found a shimmering blue altar of Sif Muna.
  3071 | D:4      | Noticed a phantom
  3099 | D:4      | XOM: cast spell 'Call Canine Familiar'
  3102 | D:4      | Killed a phantom
  3102 | D:4      | Reached XP level 5. HP: 30/46 MP: 5/5
  3107 | D:4      | Reached skill level 5 in Long Blades
  3132 | D:4      | Reached XP level 6. HP: 39/53 MP: 6/6
  3203 | D:4      | XOM: blink monster(s)
  3453 | D:4      | Found a sacrificial altar of Ru.
  3564 | D:4      | XOM: cast spell 'Summon Butterflies'
  3578 | D:4      | XOM: summons 3 friendly demons
  3625 | D:4      | XOM: fog
  3721 | D:4      | Found a staircase to the Ecumenical Temple.
  3732 | Temple   | Entered the Ecumenical Temple
  3766 | Temple   | XOM: god gift: wand of iceblast (7)
  4011 | D:5      | Entered Level 5 of the Dungeon
  4017 | D:5      | Your scales start taking on a dull iron-grey colour.
  4017 | D:5      | Reached XP level 7. HP: 60/60 MP: 7/7
  4017 | D:5      | Gained mutation: You can survive without breathing. [Grey
                  | Draconian growth]
  4037 | D:5      | Found a shadowy altar of Dithmenos.
  4118 | D:5      | XOM: summons friendly shadow imp
  4119 | D:5      | XOM: 1-stop teleportation journey
  4181 | D:5      | XOM: noise
  4197 | D:5      | Found Apniah's Antique Armour Shoppe.
  4451 | D:5      | Reached skill level 5 in Fighting
  4913 | D:5      | XOM: god gift: ration
  4948 | D:6      | XOM: smoke on damage
  4950 | D:6      | XOM: potion effect (stabbing)
  5119 | D:6      | Reached XP level 8. HP: 61/68 MP: 8/8
  5170 | D:6      | Found a runed translucent door.
  5203 | D:6      | Noticed Asdor's ghost (novice DsAK)
  5238 | D:6      | Killed Asdor's ghost
  5261 | D:6      | XOM: scenery: 1 doors open, 1 doors close
  5287 | D:6      | XOM: cloud trail
  5402 | D:6      | XOM: scenery: 2 doors open, 1 doors close
  5533 | D:6      | XOM: smoke on damage
  5557 | D:6      | XOM: scenery: create altars
  5591 | D:6      | Found a runed translucent door.
  5592 | D:6      | Noticed Crazy Yiuf
  5600 | D:6      | Killed Crazy Yiuf
  5705 | D:6      | Noticed a glowing shapeshifter
  5705 | D:6      | an orc priest changed into a glowing shapeshifter
  5705 | D:6      | Noticed a merfolk
  5705 | D:6      | a glowing shapeshifter changed into a merfolk
  5706 | D:6      | Noticed a torpor snail
  5706 | D:6      | a merfolk changed into a torpor snail
  5710 | D:6      | Noticed a glowing orange brain
  5710 | D:6      | a torpor snail changed into a glowing orange brain
  5723 | D:6      | Noticed a merfolk
  5723 | D:6      | a glowing orange brain changed into a merfolk
  5724 | D:6      | Noticed a slime creature
  5724 | D:6      | a merfolk changed into a slime creature
  5729 | D:6      | Killed a slime creature
  5729 | D:6      | Reached XP level 9. HP: 41/75 MP: 9/9
  5780 | D:6      | Reached skill level 1 in Staves
  5939 | D:6      | Reached skill level 5 in Dodging
  5991 | D:6      | XOM: scenery: 2 doors close
  6075 | D:7      | XOM: polymorph ice beast -> ogre
  6131 | D:7      | Found Myunoudgh's Distillery.
  6131 | D:7      | Noticed Joseph
  6143 | D:7      | Reached skill level 2 in Staves
  6150 | D:7      | Killed Joseph
  6150 | D:7      | Reached skill level 3 in Staves
  6154 | D:7      | XOM: 3-stop teleportation journey
  6173 | D:7      | Reached skill level 4 in Staves
  6174 | D:7      | XOM: divine lightning
  6179 | D:7      | XOM: scenery: create altars
  6184 | D:7      | Reached skill level 5 in Stealth
  6199 | D:7      | Reached skill level 5 in Staves
  6586 | D:7      | Noticed Menkaure
  6592 | D:7      | Killed Menkaure
  6703 | D:7      | XOM: butterfly on damage
  6918 | D:7      | XOM: 3-stop teleportation journey
  6934 | D:7      | Reached skill level 6 in Staves
  6935 | D:7      | XOM: give mutations
  6935 | D:7      | Gained mutation: Your tail ends in a poisonous barb. [Xom's
                  | grace]
  6935 | D:7      | Gained mutation: You are agile. (Dex +2) [Xom's grace]
  7020 | D:7      | XOM: cast spell 'Metabolic Englaciation'
  7107 | D:8      | XOM: 1-stop teleportation journey
  7154 | D:8      | XOM: 2-stop teleportation journey
  7224 | D:8      | Found a staircase to the Lair.
  7254 | D:8      | Reached XP level 10. HP: 76/86 MP: 10/10
  7358 | D:8      | Found Ewnicef's Antique Armour Emporium.
  7431 | D:8      | Noticed Erica
  7480 | D:8      | XOM: god gift: weird jewelled staff {god gift}
  7725 | D:8      | Found Qess's General Store.
  7747 | D:8      | XOM: confuse monster(s)
  7924 | D:8      | Found Fineiwo's Armour Boutique.
  7944 | D:8      | Bought a +0 pair of gloves for 49 gold pieces
  8002 | D:8      | XOM: summons friendly crimson imp
  8011 | D:8      | Killed Erica
  8011 | D:8      | Reached skill level 7 in Staves
  8155 | D:8      | XOM: divination: magic mapping
  8268 | D:9      | XOM: fog
  8696 | D:9      | Reached skill level 8 in Staves
  8729 | D:9      | XOM: god gift: potion of lignification
  8915 | D:9      | XOM: give mutations
  8915 | D:9      | Gained mutation: You expend magic power (3 MP) to
                  | strengthen your wands. [Xom's grace]
  8915 | D:9      | Gained mutation: Your spells are a little harder to cast,
                  | but a little more powerful. [Xom's grace]
  9012 | D:9      | Noticed a tengu warrior
  9013 | D:9      | XOM: god gift: glowing dagger {god gift}
  9021 | D:9      | Noticed a gargoyle
  9280 | D:9      | XOM: potion effect (might)
  9289 | D:9      | Killed a gargoyle
  9303 | D:9      | Identified the amulet of Ifrinas {Faith +Inv rElec rPois
                  | rF-}
  9332 | D:9      | Killed a tengu warrior
  9392 | D:9      | Identified the ring "Fonokh" {rN+ MR+++ Str-2 Slay+3
                  | Stlth-}
  9392 | D:9      | Noticed a deep elf mage
  9403 | D:9      | XOM: fog
  9406 | D:9      | Killed a deep elf mage
  9406 | D:9      | Reached skill level 9 in Staves
  9495 | D:9      | XOM: give mutations
  9495 | D:9      | Gained mutation: You have sharp fingernails. [Xom's grace]
  9495 | D:9      | Gained mutation: Your muscles are very strong. (Str +4)
                  | [Xom's grace]
  9565 | D:9      | XOM: polymorph yak -> something unseen
  9566 | D:9      | XOM: cleaving
  9596 | D:9      | Got a clouded ruby amulet
  9612 | D:9      | Identified the ring "Abbiunibb" {rElec rCorr}
  9612 | D:9      | Noticed a centaur warrior
  9615 | D:9      | XOM: destruction
  9643 | D:10     | Entered Level 10 of the Dungeon
  9739 | D:10     | XOM: god gift: scroll of enchant armour
  9886 | D:10     | XOM: give mutation
  9886 | D:10     | Gained mutation: You are somewhat resistant to further
                  | mutation. [Xom's grace]
  9925 | D:10     | Reached XP level 11. HP: 84/95 MP: 11/11
 10029 | D:10     | XOM: confuse monster(s)
 10301 | D:10     | Found a staircase to the Orcish Mines.
 10321 | D:10     | XOM: cast spell 'Summon Ice Beast'
 10323 | D:10     | Noticed a white ugly thing
 10323 | D:10     | XOM: summons friendly quasit
 10329 | D:10     | XOM: butterfly on damage
 10332 | D:10     | Killed a white ugly thing
 10376 | D:10     | XOM: 1-stop teleportation journey
 10579 | D:11     | XOM: cleaving
 10731 | D:11     | XOM: potion effect (brilliance)
 10801 | D:11     | XOM: god gift: bubbling pink potion {god gift}
 11026 | D:11     | XOM: give mutations
 11026 | D:11     | Gained mutation: Your spells are harder to cast, but more
                  | powerful. [Xom's grace]
 11026 | D:11     | Gained mutation: You have a pair of small horns on your
                  | head. [Xom's grace]
 11056 | D:11     | XOM: destruction
 11226 | D:11     | Reached skill level 10 in Staves
 11251 | D:11     | Noticed a six-headed hydra
 11263 | D:11     | Killed a six-headed hydra
 11318 | D:11     | XOM: potion effect (experience)
 11318 | D:11     | Reached skill level 1 in Throwing
 11318 | D:11     | Reached skill level 1 in Spellcasting
 11318 | D:11     | Reached XP level 12. HP: 101/106 MP: 11/14
 11332 | D:11     | XOM: potion effect (curing)
 11404 | D:11     | Reached skill level 11 in Staves
 11481 | D:11     | XOM: cast spell 'Summon Ice Beast'
 11486 | D:11     | XOM: silly message
 11675 | D:12     | XOM: summons friendly shadow imp
 11810 | D:12     | XOM: confuse monster(s)
 11811 | D:12     | XOM: enchant monster (good)
 11971 | D:12     | Noticed a seven-headed hydra
 11977 | D:12     | Killed a seven-headed hydra
 11977 | D:12     | Reached skill level 10 in Fighting
 12008 | D:12     | XOM: cast spell 'Summon Small Mammal'
 12316 | D:12     | XOM: cast spell 'Summon Ice Beast'
 12383 | D:12     | Noticed a two-headed ogre
 12393 | D:12     | Killed a two-headed ogre
 12640 | D:13     | XOM: confuse monster(s)
 12647 | D:13     | XOM: divination: detect creatures
 12658 | D:13     | XOM: potion effect (brilliance)
 12829 | D:13     | Noticed Urug
 12844 | D:13     | Killed Urug
 12844 | D:13     | Reached XP level 13. HP: 99/114 MP: 15/15
 12867 | D:13     | XOM: cloud trail
 12878 | D:13     | Found Ryczil's Food Emporium.
 12899 | D:13     | XOM: confuse monster(s)
 12902 | D:13     | XOM: noise
 12914 | D:13     | XOM: noise
 12918 | D:13     | XOM: confuse monster(s)
 12979 | D:13     | XOM: divination: magic mapping
 13324 | D:13     | XOM: cloud trail
 13368 | D:13     | Noticed Snorg
 13373 | D:13     | Killed Snorg
 13373 | D:13     | Reached skill level 12 in Staves
 13440 | D:13     | XOM: 3-stop teleportation journey
 13495 | D:13     | XOM: noise
 13598 | D:13     | XOM: enchant monster (good)
 13915 | D:14     | Identified Roxanne's Grimoire of the Rocks
 13915 | D:14     | Noticed Roxanne
 13937 | D:14     | XOM: cast spell 'Ring of Flames'
 13950 | D:14     | XOM: enchant monster (good)
 13954 | D:14     | XOM: summons friendly chaos spawn
 13961 | D:14     | XOM: confuse monster(s)
 13991 | D:14     | Found a gate to the Vaults.
 13997 | D:14     | XOM: summons friendly crimson imp
 14000 | D:14     | XOM: butterfly on damage
 14229 | D:14     | XOM: give mutations
 14229 | D:14     | Gained mutation: You can translocate small distances at
                  | will. [Xom's grace]
 14229 | D:14     | Gained mutation: You have very sharp teeth. [Xom's grace]
 14252 | D:14     | You fall into a shaft and drop 1 floor!
 14252 | D:15     | Entered Level 15 of the Dungeon
 14252 | D:15     | Found an opulent altar of Gozag.
 14303 | D:15     | XOM: confuse monster(s)
 14329 | D:15     | XOM: cast spell 'Cause Fear'
 14334 | D:15     | XOM: summons 5 friendly demons
 14337 | D:15     | Mangled by a red ugly thing

Illustrated notes

Levels and vault maps discovered:
D:1:      lightli_arrival_lavapool, layout_basic
D:2:      layout_loops_corners, lemuel_doored_altar,
          chequers_ecumenical_altar_island
D:3:      layout_rooms, lemuel_coloured_pillars_altar, minitemple
D:4:      layout_rooms, nicolae_ru_great_annihilating_truth,
          minmay_temple_entry_statues_pillars, kennysheep_cluttered_room,
          minivault_26, minivault_19
D:5:      layout_basic, lemuel_crystal_altar, first_ration, serial_shops, shop,
          kennysheep_small_spiral
D:6:      layout_gridville, ebering_ghost_sewer_d, minmay_mini_ossuary,
          uniq_crazy_yiuf_cottage
D:7:      layout_basic, serial_shops, shop_fountains, uniq_menkaure, uniq_joseph
D:8:      layout_loops_ring, lair_entry_dummy, serial_shops, shop_fountains,
          nicolae_shop_competitors_out_of_business, shop, uniq_erica
D:9:      minmay_the_grid_triangle_9x9_recursive_2_mashed
          [minmay_the_grid_triangle_9x9_prize_special,
          minmay_the_grid_triangle_9x9_zippers_horizontal,
          minmay_the_grid_triangle_9x9_longest,
          minmay_the_grid_triangle_9x9_limited_checkers], layout_basic
D:10:     layout_loops_cross, orc_0_dummy
D:11:     layout_irregular_city, the_bakery
D:12:     layout_grid_maze
D:13:     layout_cave_pods, serial_shops, shop, uniq_snorg, uniq_urug
D:14:     layout_big_octagon, david_vaults_1, hangedman_decor_clover_reticule,
          serial_shops, bzr_entry_water, uniq_roxanne
D:15:     grunt_enter_depths_giant_problem, layout_irregular_city,
          nicolae_gozag_cash_rules_everything_around_me
Temple:   eino_temple_scatter_basement

Skill      XL: |  1  2  3  4  5  6  7  8  9 10 11 12 13 |
---------------+----------------------------------------+-----
Long Blades    | 4 5 6 7 8 9 |  9.0
Fighting       | 4 5 6 7 8 9 10 11 | 11.0
Stealth        | 1 2 3 4 5 6 7 8 9 |  9.2
Dodging        | 3 4 6 7 8 9 |  9.8
Staves         | 6 9 10 11 12 | 12.7
Throwing       | 1 |  1.8
Unarmed Combat | 2 |  2.0
Spellcasting   | 1 |  1.8
Evocations     | 2 |  2.6

Action                   |  1- 3 |  4- 6 |  7- 9 | 10-12 | 13-15 || total
-------------------------+-------+-------+-------+-------+-------++-------
Melee: Falchion          |   100 |   115 |   101 |       |       ||   316
       Tailslap          |     6 |    27 |    54 |   116 |    47 ||   250
       Quarterstaff      |       |       |   157 |   489 |   155 ||   801
       Headbutt          |       |       |       |    54 |    60 ||   114
       Bite              |       |       |       |       |     4 ||     4
  Use: Scroll            |    11 |     5 |     9 |     8 |     2 ||    35
       Potion            |     2 |     1 |     2 |     4 |     2 ||    11
 Stab: Sleeping          |     2 |     2 |     4 |     8 |     4 ||    20
       Petrified         |       |     3 |       |       |       ||     3
       Paralysed         |       |     3 |     1 |     9 |       ||    13
       Petrifying        |       |       |       |     2 |       ||     2
       Distracted        |       |       |       |     1 |     2 ||     3
       Confused          |       |       |       |     3 |     6 ||     9
  Eat: Ration            |     2 |     1 |     4 |     5 |     1 ||    13
Armor: Skin              |    35 |    28 |    83 |   193 |    73 ||   412
Dodge: Dodged            |    58 |    56 |   176 |   406 |   105 ||   801
       Rpst.: Falchion   |    18 |    21 |    19 |       |       ||    58
